 Dungeon Crawl Stone Soup version 0.27.1-3-gb3d3a73c9e (webtiles) character file.

Game seed: 1161680987077560369

329 Crownlay the Destroyer (level 6, -4/32 HPs)
             Began as a Tengu Conjurer on Oct 21, 2021.
             Was a Follower of Vehumet.
             Shot with an arrow by a centaur (11 damage)
             ... on level 4 of the Dungeon.
             The game lasted 00:04:50 (3587 turns).

Crownlay the Destroyer (Tengu Conjurer)             Turns: 3587, Time: 00:04:51

Health: -4/32      AC:  5    Str:  7    XL:     6   Next: 51%
Magic:  11/21      EV: 14    Int: 20    God:    Vehumet [*.....]
Gold:   255        SH:  0    Dex: 13    Spells: 5/12 levels left

rFire    . . .     SeeInvis +   j - +2 short sword (holy)
rCold    . . .     Faith    .   (no shield)
rNeg     . . .     Spirit   .   a - +0 robe
rPois    .         Reflect  .   (helmet restricted)
rElec    .         Harm     .   (no cloak)
rCorr    .         Rampage  .   l - +2 pair of gloves
Will     .....                  (boots unavailable)
Stlth    ++........             (no amulet)
HPRegen  0.10/turn              b - ring of magical power
MPRegen  0.17/turn              s - ring of see invisible

@: flying quickly and evasively, quick
A: beak, talons 3, nimble flight
a: Renounce Religion


You were on level 4 of the Dungeon.
You worshipped Vehumet.
Vehumet was aware of your devotion.
You visited 2 branches of the dungeon, and saw 5 of its levels.

You collected 255 gold pieces.

Inventory:

Hand Weapons
 e - a +0 vampiric whip
 j - a +2 short sword of holy wrath (weapon)
Armour
 a - a +0 robe (worn)
 l - a +2 pair of gloves (worn)
Jewellery
 b - a ring of magical power (left hand)
 s - a ring of see invisible (right hand)
Scrolls
 c - a scroll of fog {unknown}
 f - a scroll of identify
 g - a scroll of noise {unknown}
 n - a scroll of enchant armour {unknown}
 p - a scroll of enchant weapon {unknown}
 q - a scroll of torment {unknown}
 r - 2 scrolls of silence {unknown}
 t - a scroll of teleportation {unknown}
 u - a scroll of acquirement {unknown}
 w - 3 scrolls of blinking {unknown}
 x - a scroll of summoning {unknown}
Potions
 d - 3 potions of haste
 h - 2 potions of heal wounds
 i - a potion of degeneration {unknown}
 k - a potion of magic {unknown}
 m - a potion of lignification {unknown}
 o - a potion of attraction {unknown}
 v - a potion of invisibility {unknown}


   Skills:
 - Level 2.1 Dodging
 - Level 2.0 Stealth
 + Level 3.8 Spellcasting
 * Level 8.7 Conjurations


You had 5 spell levels left.
You knew the following spells:

 Your Spells              Type           Power      Damage    Failure   Level
a - Magic Dart            Conj           100%       1d8       1%          1
b - Searing Ray           Conj           76%        3d6       1%          2
c - Iskenderun's Mystic   Conj/Tloc      21%        2d6       22%         4

Your spell library contained the following spells:

 Spells                   Type           Power      Damage    Failure   Level
 Shock                    Conj/Air       84%        1d8       2%          1
 Dazzling Flash           Conj/Hex       42%        N/A       6%          3
 Mephitic Cloud           Conj/Pois/Air  15%        N/A       12%         3
 Animate Skeleton         Necr           6%         N/A       13%         1
 Pain                     Necr           12%        1d4       13%         1
 Summon Small Mammal      Summ           12%        N/A       13%         1
 Call Imp                 Summ           3%         N/A       21%         2
 Fulminant Prism          Conj/Hex       10%        3d9       22%         4
 Call Canine Familiar     Summ           3%         N/A       36%         3
 Summon Guardian Golem    Hex/Summ       3%         N/A       36%         3
 Vampiric Draining        Necr           1%         2d6       36%         3


Dungeon Overview and Level Annotations

Branches:
Dungeon (4/15)             Temple (1/1) D:4

Altars:
Ashenzari
Cheibriados
Dithmenos
Elyvilon
Fedhas
Gozag
Hepliaklqana
Kikubaaqudgha
Okawaru
Qazlal
Ru
Sif Muna
Trog
Uskayaw
Vehumet
Wu Jian
Xom
Yredelemnul
The Shining One

Shops:
D:2 =


Innate Abilities, Weirdness & Mutations

You have a beak for a mouth.
You have claws for feet.
Your magical nature lets you fly swiftly and evasively.


Message History

Aiming: Searing Ray (safe; 1% risk of failure)
Press: ? - help, Shift-Dir - straight line, f/p - howler monkey
Aim: a howler monkey (moderately wounded, catching its breath, 78% to hit)
The searing ray hits the howler monkey!
The howler monkey is almost dead. (Press . to maintain the ray.)
The searing ray hits the howler monkey!
You kill the howler monkey!
Vehumet accepts your kill.
Casting: Searing Ray (safe; 1% risk of failure)
Confirm with . or Enter, or press ? or * to list all spells.
Restarting spell: Searing Ray (safe; 1% risk of failure)
Press: ? - help, Shift-Dir - straight line, f - hobgoblin
Aim: a hobgoblin (81% to hit)
The searing ray hits the hobgoblin!
You kill the hobgoblin!
Vehumet accepts your kill. (Press . to maintain the ray.)
A centaur comes into view.
The centaur shouts!
You hear an angry hiss.
You hear a shout!
The centaur wields a +0 shortbow.
The centaur shoots an arrow.
The arrow barely misses you.
The magic dart hits the centaur but does no damage.
The centaur shoots an arrow.
The arrow hits you!
The centaur shoots an arrow.
The arrow hits you!
Casting: Magic Dart (safe; 1% risk of failure)
Confirm with . or Enter, or press ? or * to list all spells.
Aiming: Searing Ray (safe; 1% risk of failure)
Press: ? - help, Shift-Dir - straight line, f/p - centaur
Aim: a centaur, wielding a +0 shortbow and quivering arrows (88% to hit)
The searing ray hits the centaur!
The centaur is moderately wounded. (Press . to maintain the ray.)
The centaur shoots an arrow.
The arrow closely misses you.
The centaur shoots an arrow.
The arrow hits you.
* * * LOW HITPOINT WARNING * * *
The searing ray misses the centaur.
A centaur comes into view.
The centaur shoots an arrow.
The arrow hits you!
You die...

#.........##
..c.......
####...c....
###≈≈#....(..
#≈≈≈≈##..†.. ##
#≈##≈# #†.. .. #≈≈###
#c## .#
#≈≈≈#####..###.#####
#≈≈≈≈#≈...(@......≈≈
##≈≈≈≈≈≈≈≈≈≈≈≈≈≈≈≈≈≈≈
#.†≈≈≈≈≈≈≈≈.≈≈≈≈≈≈≈≈≈
#..≈≈≈≈≈≈≈≈≈≈..≈≈≈≈≈≈
#..≈≈≈≈.≈≈≈≈≈≈≈≈≈≈≈≈≈
###...≈..≈≈..≈.≈.#≈≈≈
######....######≈≈≈
#.........# ≈≈
#..#.######


You could see 2 centaurs.

Vanquished Creatures
  An ogre (D:4)
  A phantom (D:4)
  A howler monkey (D:4)
  An iguana (D:4)
  A hound zombie (D:3)
  A gnoll (D:1)
  3 adders
  2 worms
  A dart slug (D:3)
  3 orcs (D:3)
  5 bats
  5 endoplasms
  3 giant cockroaches
  6 goblins
  6 hobgoblins
  5 kobolds
  2 quokkas
  A ball python (D:3)
  2 frilled lizards (D:3)
  4 rats
54 creatures vanquished.

Notes
Turn   | Place    | Note
-------+----------+-------------------------------------------
     0 | D:1      | Crownlay the Tengu Conjurer began the quest for the Orb.
     0 | D:1      | Reached XP level 1. HP: 10/10 MP: 4/4
   256 | D:1      | Found a faded altar of an unknown god.
   281 | D:1      | Reached XP level 2. HP: 15/15 MP: 5/6
   639 | D:1      | Learned a level 2 spell: Searing Ray
   850 | D:1      | Reached skill level 6 in Conjurations
   850 | D:1      | Reached XP level 3. HP: 7/19 MP: 7/7
  1374 | D:2      | You fall into a shaft and drop 2 floors!
  1374 | D:4      | Noticed an ogre
  1402 | D:4      | Killed an ogre
  1403 | D:4      | Reached skill level 7 in Conjurations
  1403 | D:4      | Reached XP level 4. HP: 24/24 MP: 9/9
  1464 | D:4      | Found a staircase to the Ecumenical Temple.
  1468 | Temple   | Entered the Ecumenical Temple
  1560 | Temple   | Became a worshipper of Vehumet
  1587 | D:4      | Gained mutation: Your magical nature lets you fly swiftly
                  | and evasively. [Tengu growth]
  1587 | D:4      | Reached XP level 5. HP: 28/28 MP: 10/10
  2556 | D:2      | Learned a level 4 spell: Iskenderun's Mystic Blast
  2596 | D:2      | Reached * piety under Vehumet
  2596 | D:2      | Offered knowledge of Shock by Vehumet.
  2699 | D:2      | Found a shimmering altar of Xom.
  2706 | D:2      | Reached skill level 8 in Conjurations
  2881 | D:2      | Found Benoi's Jewellery Emporium.
  3446 | D:4      | Noticed a phantom
  3454 | D:4      | Killed a phantom
  3455 | D:4      | Reached XP level 6. HP: 27/32 MP: 12/12
  3587 | D:4      | Shot with an arrow by a centaur

Illustrated notes

Levels and vault maps discovered:
D:1:      wander_arrival_peaceful_grave, layout_loops_corners,
          shapermc_ecumenical_altar_pompeii, minmay_pentomino_u4
D:2:      layout_rooms, serial_shops, shop, basic_altar, hex_medium,
          chequers_serial_rivers_micro_d
D:3:      layout_loops_cross, minmay_misc_feat_ornament
D:4:      layout_loops_ring, minmay_temple_entry_steel_oval, serial_rivers,
          chequers_serial_rivers_marsh, chequers_serial_rivers_room_b,
          chequers_serial_rivers_micro_a, chequers_serial_rivers_room_a,
          chequers_serial_rivers_micro_a, chequers_serial_rivers_large_a,
          minmay_manual_mares, uniq_ijyb
Temple:   regret_index_temple_chain_breaker

Skill      XL: |  1  2  3  4  5 |
---------------+----------------+-----
Conjurations   | 6 7 8 |  8.7
Spellcasting   | 3 |  3.8
Dodging        | |  2.1
Stealth        | |  2.0

Action                   |  1- 3 |  4- 6 || total
-------------------------+-------+-------++-------
 Cast: Magic Dart        |    32 |    79 ||   111
       Searing Ray       |     3 |    12 ||    15
       Iskenderun's Myst |       |     1 ||     1
  Use: Scroll            |       |     2 ||     2
Armor: Robe              |     1 |     1 ||     2
Dodge: Dodged            |     1 |     9 ||    10
